NWL (28 & UNDER)
BISMARCK BARONS @ MOOSE JAW GHOSTBUSTERS
08/15/2023
 
TOP OF THE 1ST
Bismarck Barons batting - Pitching for Moose Jaw Ghostbusters : RHP Aaron Green
Pitching: RHP Aaron Green
Batting: RHB Jorge Espinosa 0-0: Foul Ball, location: 2F
0-1: Ball
1-1: Fly out, F7 (Flyball, 78XD)
Batting: LHB Dave Gray 0-0: Ball
1-0: Ground out 4-3 (Groundball, 4)
Batting: RHB Jack Bailey 0-0: Ball
1-0: Foul Ball, location: 2F
1-1: Ball
2-1: Called Strike
2-2: Strikes out swinging
Top of the 1st over - 0 run(s), 0 hit(s), 0 error(s), 0 left on base; Bismarck 0 - Moose Jaw 0
BOTTOM OF THE 1ST
Moose Jaw Ghostbusters batting - Pitching for Bismarck Barons : RHP Ron Young
Pitching: RHP Ron Young
Batting: LHB Dave Stewart 0-0: Foul Ball, location: 2F
0-1: Ground out 3-1 (Groundball, 34)
Batting: LHB Will Vale 0-0: Swinging Strike
0-1: Swinging Strike
0-2: Ball
1-2: Strikes out swinging
Batting: RHB Earl Wiggins 0-0: Called Strike
0-1: Ball
1-1: Ground out 3-1 (Groundball, 34)
Bottom of the 1st over - 0 run(s), 0 hit(s), 0 error(s), 0 left on base; Bismarck 0 - Moose Jaw 0
TOP OF THE 2ND
Bismarck Barons batting - Pitching for Moose Jaw Ghostbusters : RHP Aaron Green
Batting: RHB Paul Ladd 0-0: Foul Ball, location: 2F
0-1: DOUBLE (Flyball, 78XD)
Batting: SHB Víctor Serrano 0-0: Called Strike
0-1: Swinging Strike
0-2: Foul Ball, location: 2F
0-2: Fly out, F3 (Popup, 3SF)
Batting: RHB Kiyomitsu Shinoda 0-0: Called Strike
0-1: SINGLE (Popup, 8RS)
Paul Ladd to third
Batting: SHB Lester Olsen 0-0: Ball
1-0: Foul Ball, location: 2F
1-1: Ball
2-1: SINGLE (Groundball, 34S)
Paul Ladd scores
Kiyomitsu Shinoda to second
Runner from 2nd tries for 3rd, SAFE, throw made to third
Batting: RHB Miguel Hernández 0-0: Called Strike
0-1: Ball
1-1: 3-RUN HOME RUN (Flyball, 7D), Distance : 377 ft
Batting: LHB Lorenzo Núñes 0-0: Called Strike
0-1: Called Strike
0-2: Ball
1-2: Foul Ball, location: 2F
1-2: Ball
2-2: Ball
3-2: Base on Balls
Batting: RHB Jorge Espinosa 0-0: Ball
1-0: Called Strike
1-1: Fly out, F6 (Line Drive, 6)
Batting: LHB Dave Gray 0-0: Called Strike
0-1: Ball
1-1: Ground out 5-3 (Groundball, 5S)
Top of the 2nd over - 4 run(s), 4 hit(s), 0 error(s), 1 left on base; Bismarck 4 - Moose Jaw 0
BOTTOM OF THE 2ND
Moose Jaw Ghostbusters batting - Pitching for Bismarck Barons : RHP Ron Young
Batting: RHB Domingo Matos 0-0: Foul Ball, location: 2F
0-1: Swinging Strike
0-2: Strikes out swinging
Batting: LHB Bartolo Villanueva 0-0: Called Strike
0-1: Ball
1-1: Ball
2-1: Foul Ball, location: 2F
2-2: Ball
3-2: Base on Balls
Batting: RHB Luis Miguel Sánchez 0-0: Called Strike
0-1: Called Strike
0-2: Foul Ball, location: 2F
0-2: Foul Ball, location: 2F
0-2: Ball
1-2: Foul Ball, location: 2F
1-2: Foul Ball, location: 2F
1-2: Ball
2-2: Ball
3-2: Strikes out swinging
Batting: RHB Pedro Meza 0-0: Ball
1-0: Foul Ball, location: 2F
1-1: Ball
2-1: SINGLE (Groundball, 4MD)
Bartolo Villanueva to second
Batting: RHB Ángel García 0-0: Foul Ball, location: 2F
0-1: Ground out 1-3 (Groundball, 15S)
Bottom of the 2nd over - 0 run(s), 1 hit(s), 0 error(s), 2 left on base; Bismarck 4 - Moose Jaw 0
TOP OF THE 3RD
Bismarck Barons batting - Pitching for Moose Jaw Ghostbusters : RHP Aaron Green
Batting: RHB Jack Bailey 0-0: Fly out, F8 (Flyball, 8RXD)
Batting: RHB Paul Ladd 0-0: Ball
1-0: Ball
2-0: Ball
3-0: Foul Ball, location: 2F
3-1: Foul Ball, location: 2F
3-2: Base on Balls
Batting: SHB Víctor Serrano 0-0: SINGLE (Flyball, 78S)
Paul Ladd to second
Batting: RHB Kiyomitsu Shinoda 0-0: Swinging Strike
0-1: Swinging Strike
0-2: Foul Ball, location: 2F
0-2: Ball
1-2: Ball
2-2: Strikes out swinging
Batting: SHB Lester Olsen 0-0: Swinging Strike
0-1: Swinging Strike
0-2: Strikes out swinging
Top of the 3rd over - 0 run(s), 1 hit(s), 0 error(s), 2 left on base; Bismarck 4 - Moose Jaw 0
BOTTOM OF THE 3RD
Moose Jaw Ghostbusters batting - Pitching for Bismarck Barons : RHP Ron Young
Batting: LHB Carlos López 0-0: Foul Ball, location: 2F
0-1: Ball
1-1: Ball
2-1: Called Strike
2-2: Strikes out swinging
Batting: LHB Dave Stewart 0-0: Swinging Strike
0-1: Foul Ball, location: 2F
0-2: Fly out, F9 (Flyball, 89M)
Batting: LHB Will Vale 0-0: Called Strike
0-1: Fly out, F8 (Flyball, 8LS)
Bottom of the 3rd over - 0 run(s), 0 hit(s), 0 error(s), 0 left on base; Bismarck 4 - Moose Jaw 0
TOP OF THE 4TH
Bismarck Barons batting - Pitching for Moose Jaw Ghostbusters : RHP Aaron Green
Batting: RHB Miguel Hernández 0-0: Called Strike
0-1: Fly out, F8 (Flyball, 8RXD)
Batting: LHB Lorenzo Núñes 0-0: Called Strike
0-1: Foul Ball, location: 2F
0-2: Fly out, F7 (Flyball, 78S)
Batting: RHB Jorge Espinosa 0-0: Foul Ball, location: 2F
0-1: Called Strike
0-2: Ball
1-2: Foul Ball, location: 2F
1-2: SOLO HOME RUN (Flyball, 7D), Distance : 369 ft
Batting: LHB Dave Gray 0-0: Ball
1-0: SINGLE (Line Drive, 8RS)
Batting: RHB Jack Bailey 0-0: Called Strike
0-1: Swinging Strike
0-2: Fly out, F8 (Flyball, 8RD)
Top of the 4th over - 1 run(s), 2 hit(s), 0 error(s), 1 left on base; Bismarck 5 - Moose Jaw 0
BOTTOM OF THE 4TH
Moose Jaw Ghostbusters batting - Pitching for Bismarck Barons : RHP Ron Young
Batting: RHB Earl Wiggins 0-0: Ball
1-0: DOUBLE (Line Drive, 8LM)
Batting: RHB Domingo Matos 0-0: Ball
1-0: Foul Ball, location: 2F
1-1: Ball
2-1: Ball
3-1: Foul Ball, location: 2F
3-2: Ground out 5-3 (Groundball, 5S)
Earl Wiggins to third
Batting: LHB Bartolo Villanueva 0-0: Ball
1-0: Foul Ball, location: 2F
1-1: Foul Ball, location: 2F
1-2: Foul Ball, location: 2F
1-2: Strikes out swinging
Batting: RHB Luis Miguel Sánchez 0-0: Swinging Strike
0-1: Fly out, F8 (Flyball, 8LM)
Bottom of the 4th over - 0 run(s), 1 hit(s), 0 error(s), 1 left on base; Bismarck 5 - Moose Jaw 0
TOP OF THE 5TH
Bismarck Barons batting - Pitching for Moose Jaw Ghostbusters : RHP Aaron Green
Batting: RHB Paul Ladd 0-0: Called Strike
0-1: Swinging Strike
0-2: Foul Ball, location: 2F
0-2: Strikes out looking
Batting: SHB Víctor Serrano 0-0: Ball
1-0: Foul Ball, location: 2F
1-1: Ball
2-1: Called Strike
2-2: Ball
3-2: Foul Ball, location: 2F
3-2: Foul Ball, location: 2F
3-2: SINGLE (Line Drive, 56D)
Batting: RHB Kiyomitsu Shinoda 0-0: Ball
Pickoff Throw to First - Out!
1-0: Called Strike
1-1: Swinging Strike
1-2: Ground out 6-3 (Groundball, 6M)
Top of the 5th over - 0 run(s), 1 hit(s), 0 error(s), 0 left on base; Bismarck 5 - Moose Jaw 0
BOTTOM OF THE 5TH
Moose Jaw Ghostbusters batting - Pitching for Bismarck Barons : RHP Ron Young
Batting: RHB Pedro Meza 0-0: Called Strike
0-1: Called Strike
0-2: Ball
1-2: Ball
2-2: Strikes out swinging
Batting: RHB Ángel García 0-0: Ball
1-0: Called Strike
1-1: Foul Ball, location: 2F
1-2: Foul Ball, location: 2F
1-2: Foul Ball, location: 2F
1-2: Ground out 5-3 (Groundball, 56)
Batting: LHB Carlos López 0-0: Ground out 4-3 (Groundball, 34)
Bottom of the 5th over - 0 run(s), 0 hit(s), 0 error(s), 0 left on base; Bismarck 5 - Moose Jaw 0
TOP OF THE 6TH
Bismarck Barons batting - Pitching for Moose Jaw Ghostbusters : RHP Aaron Green
Batting: SHB Lester Olsen 0-0: Ball
1-0: Ball
2-0: Called Strike
2-1: Fly out, F7 (Flyball, 7M)
Batting: RHB Miguel Hernández 0-0: Swinging Strike
0-1: Ball
1-1: Ball
2-1: Ball
3-1: Base on Balls
Pitching: RHP Andrés Rivera
Batting: LHB Lorenzo Núñes Pickoff Throw to First - Out!
0-0: Ball
1-0: Swinging Strike
1-1: Called Strike
1-2: SINGLE (Groundball, 34)
Batting: RHB Jorge Espinosa 0-0: Called Strike
0-1: Foul Ball, location: 2F
0-2: Foul Ball, location: 2F
0-2: Foul Ball, location: 2F
0-2: Ball
1-2: Strikes out swinging
Top of the 6th over - 0 run(s), 1 hit(s), 0 error(s), 1 left on base; Bismarck 5 - Moose Jaw 0
BOTTOM OF THE 6TH
Moose Jaw Ghostbusters batting - Pitching for Bismarck Barons : RHP Ron Young
Batting: LHB Dave Stewart 0-0: Ball
1-0: Ball
2-0: Called Strike
2-1: Swinging Strike
2-2: Strikes out looking
Batting: LHB Will Vale 0-0: Ball
1-0: Called Strike
1-1: Ball
2-1: Called Strike
2-2: Strikes out swinging
Batting: RHB Earl Wiggins 0-0: Foul Ball, location: 2F
0-1: Foul Ball, location: 2F
0-2: Ball
1-2: Ball
2-2: Fly out, F8 (Flyball, 8RD)
Bottom of the 6th over - 0 run(s), 0 hit(s), 0 error(s), 0 left on base; Bismarck 5 - Moose Jaw 0
TOP OF THE 7TH
Bismarck Barons batting - Pitching for Moose Jaw Ghostbusters : RHP Andrés Rivera
Batting: LHB Dave Gray 0-0: Ball
1-0: Swinging Strike
1-1: Ground out 5-3 (Groundball, 56)
Batting: RHB Jack Bailey 0-0: Foul Ball, location: 2F
0-1: Ball
1-1: Ball
2-1: Ball
3-1: Base on Balls
Batting: RHB Paul Ladd 0-0: Reached on error, E1 (Groundball, 25)
Jack Bailey to second
Batting: SHB Víctor Serrano 0-0: Called Strike
0-1: Swinging Strike
0-2: Ball
1-2: Strikes out swinging
Batting: RHB Kiyomitsu Shinoda 0-0: Swinging Strike
0-1: Foul Ball, location: 2F
0-2: Ball
1-2: Strikes out looking
Top of the 7th over - 0 run(s), 0 hit(s), 1 error(s), 2 left on base; Bismarck 5 - Moose Jaw 0
BOTTOM OF THE 7TH
Moose Jaw Ghostbusters batting - Pitching for Bismarck Barons : RHP Mike Hodges
Pitching: RHP Mike Hodges
Batting: RHB Domingo Matos 0-0: SINGLE (Line Drive, 8LS)
Batting: LHB Bartolo Villanueva 0-0: Ball
1-0: Called Strike
1-1: Swinging Strike
1-2: Foul Ball, location: 2F
1-2: Foul Ball, location: 2F
1-2: Ball
2-2: Grounds into double play, 1-6-3 (Groundball, 15)
Batting: RHB Luis Miguel Sánchez 0-0: Ball
1-0: Foul Ball, location: 2F
1-1: Ball
2-1: Fly out, F8 (Flyball, 8RXD)
Bottom of the 7th over - 0 run(s), 1 hit(s), 0 error(s), 0 left on base; Bismarck 5 - Moose Jaw 0
TOP OF THE 8TH
Bismarck Barons batting - Pitching for Moose Jaw Ghostbusters : RHP Andrés Rivera
Batting: SHB Lester Olsen 0-0: Swinging Strike
0-1: Swinging Strike
0-2: Strikes out swinging
Pitching: RHP José Estrada
Batting: RHB Miguel Hernández 0-0: Called Strike
0-1: Foul Ball, location: 2F
0-2: Strikes out swinging
Pitching: RHP Whit Johnson
Batting: LHB Lorenzo Núñes 0-0: Called Strike
0-1: SINGLE (Groundball, 4MD)
Batting: RHB Jorge Espinosa 0-0: Ball
Lorenzo Núñes is caught stealing 2nd base
Top of the 8th over - 0 run(s), 1 hit(s), 0 error(s), 0 left on base; Bismarck 5 - Moose Jaw 0
BOTTOM OF THE 8TH
Moose Jaw Ghostbusters batting - Pitching for Bismarck Barons : RHP Mike Hodges
Now in CF: Paco Sandoval
Batting: RHB Pedro Meza 0-0: Ball
1-0: SINGLE (Line Drive, 6M)
Batting: RHB Ángel García 0-0: Called Strike
0-1: Foul Ball, location: 2F
0-2: Ball
1-2: Strikes out swinging
Batting: LHB Carlos López 0-0: Called Strike
0-1: Foul Ball, location: 2F
0-2: Strikes out swinging
Batting: LHB Dave Stewart 0-0: Called Strike
0-1: Ball
1-1: SINGLE (Groundball, 4M)
Pedro Meza to second
Runner from 2nd tries for 3rd, SAFE, throw made to third
Batting: LHB Will Vale 0-0: Ball
1-0: Ball
2-0: Ball
3-0: Called Strike
3-1: Called Strike
3-2: Foul Ball, location: 2F
3-2: Foul Ball, location: 2F
3-2: Fly out, F7 (Line Drive, 78S)
Bottom of the 8th over - 0 run(s), 2 hit(s), 0 error(s), 2 left on base; Bismarck 5 - Moose Jaw 0
TOP OF THE 9TH
Bismarck Barons batting - Pitching for Moose Jaw Ghostbusters : RHP Whit Johnson
Pitching: RHP Raúl Saltines
Batting: RHB Jorge Espinosa 0-0: Fly out, F5 (Flyball, 56)
Batting: LHB Dave Gray 0-0: Ball
1-0: Fly out, F4 (Popup, 4MD)
Batting: RHB Jack Bailey 0-0: Foul Ball, location: 2F
0-1: Swinging Strike
0-2: Fly out, F8 (Flyball, 8RM)
Top of the 9th over - 0 run(s), 0 hit(s), 0 error(s), 0 left on base; Bismarck 5 - Moose Jaw 0
BOTTOM OF THE 9TH
Moose Jaw Ghostbusters batting - Pitching for Bismarck Barons : RHP Mike Hodges
Pitching: RHP Dalton Ray
Batting: RHB Earl Wiggins 0-0: Ground out 4-3 (Groundball, 4M)
Batting: RHB Domingo Matos 0-0: SINGLE (Groundball, 56D)
Batting: LHB Bartolo Villanueva 0-0: Called Strike
0-1: Ball
1-1: Fly out, F7 (Flyball, 78M)
Batting: RHB Luis Miguel Sánchez 0-0: Ball
1-0: Ball
2-0: Ball
3-0: Base on Balls
Domingo Matos to second
Batting: RHB Pedro Meza 0-0: Ball
1-0: Ball
2-0: Ball
3-0: Called Strike
3-1: Foul Ball, location: 2F
3-2: Fly out, F9 (Flyball, 9M)
Bottom of the 9th over - 0 run(s), 1 hit(s), 0 error(s), 2 left on base; Bismarck 5 - Moose Jaw 0
This league is powered by Out of the Park Baseball, the baseball management simulation game for PC, Mac and Linux
Wednesday, December 2nd, 2015 - OOTP Baseball 16.8 Build 38